 Dungeon Crawl Stone Soup version 0.24-a0-582-g4d4af813a0 (webtiles) character file.

Game seed: 10659228279674611441

1624086 Gall2222 the Slayer (level 26, 208/260 HPs)
             Began as a Hill Orc Monk on Aug 25, 2019.
             Was an Elder of Beogh.
             Escaped with the Orb
             ... and 3 runes on Aug 26, 2019!
             The game lasted 02:00:45 (70365 turns).

Gall2222 the Slayer (Hill Orc Monk)                Turns: 70365, Time: 02:00:46

Health: 208/260    AC: 45    Str: 33    XL:     26   Next: 76%
Magic:  25/33      EV:  9    Int: 17    God:    Beogh [****..]
Gold:   4825       SH: 34    Dex: 13    Spells: 25/25 levels left

rFire    + + .     SeeInvis +   I - +7 broad axe (chop)
rCold    + + +     Gourm    .   v - +3 large shield of Acisehie {SInv}
rNeg     + + .     Faith    .   Q - +8 gold dragon scales
rPois    +         Spirit   .   H - +0 helmet
rElec    .         Reflect  .   K - +2 cloak
rCorr    .         Harm     .   T - +2 pair of gloves {Str+3}
MR       ++...                  g - +0 pair of boots
Stlth    ..........             o - amulet of the acrobat
HPRegen  0.53/turn              d - ring "Awniruit" {rF+ rC+ rN+ Str+4 Slay-2}
MPRegen  0.23/turn              X - ring "Oputoigg" {rC+ rN+ MR+ Int+5 Stlth+}

@: no status effects
A: large bone plates 1, clever 1, low mp 1, no potion heal 2, MP-powered wands
0: Orb of Zot
}: 3/15 runes: barnacled, silver, gossamer
a: Smiting, Recall Orcish Followers, Renounce Religion


You escaped.
You worshipped Beogh.
Beogh was greatly pleased with you.
You were hungry.

You visited 9 branches of the dungeon, and saw 49 of its levels.
You visited 1 bazaar.
You also visited: Ice Cave.

You collected 7012 gold pieces.
You spent 2187 gold pieces at shops.

Inventory:

Hand Weapons
 I - a +7 broad axe of chopping (weapon)
Missiles
 i - 14 curare-tipped darts (quivered)
 S - 4 throwing nets
Armour
 g - a +0 pair of boots (worn)
 v - the +3 large shield of Acisehie (worn) {SInv}
   (You acquired it on level 3 of the Elven Halls)

   It lets you see invisible.
 H - a +0 helmet (worn)
 K - a +2 cloak (worn)
 Q - +8 gold dragon scales (worn)
 T - a +2 pair of gloves of strength (worn)
Jewellery
 d - the ring "Awniruit" (left hand) {rF+ rC+ rN+ Str+4 Slay-2}
   (You found it on level 4 of the Shoals)

   [ring of positive energy]

   It affects your strength (+4).
   It affects your accuracy and damage with ranged weapons and melee attacks
   (-2).
   It protects you from fire.
   It protects you from cold.
   It protects you from negative energy.
 j - a cursed ring of positive energy
 o - an amulet of the acrobat (around neck)
 t - the ring of Secsudiu {+Fly rF++ Int-2 Dex+5}
   (You took it off a vault sentinel on level 5 of the Vaults)

   [ring of flight]

   It affects your intelligence (-2).
   It affects your dexterity (+5).
   It greatly protects you from fire.
   It lets you fly.
 y - an uncursed ring of resist corrosion
 P - an uncursed ring of poison resistance
 X - the ring "Oputoigg" (right hand) {rC+ rN+ MR+ Int+5 Stlth+}
   (You found it on level 3 of the Elven Halls)

   [ring of positive energy]

   It affects your intelligence (+5).
   It protects you from cold.
   It protects you from negative energy.
   It affects your resistance to hostile enchantments.
   It makes you more stealthy.
Wands
 n - a wand of disintegration (27)
 r - a wand of paralysis (53)
 x - a wand of acid (34)
 B - a wand of digging (3)
 F - a wand of flame (162)
 R - a wand of clouds (1)
Scrolls
 a - 4 scrolls of fog
 f - 20 scrolls of remove curse
 l - 17 scrolls of teleportation
 m - 2 scrolls of enchant armour
 p - 18 scrolls of identify
 z - 7 scrolls of fear
 C - 2 scrolls of brand weapon
 E - 5 scrolls of magic mapping
 J - 8 scrolls of blinking
 N - a scroll of summoning
 U - a scroll of silence
Potions
 b - 11 potions of curing
 e - 4 potions of ambrosia
 k - 4 potions of agility
 q - 10 potions of mutation
 s - 7 potions of flight
 u - 4 potions of heal wounds
 w - a potion of magic
 A - 4 potions of haste
 D - 10 potions of brilliance
 G - 7 potions of berserk rage
 L - 2 potions of might
 M - a potion of invisibility
 O - 2 potions of cancellation
Miscellaneous
 h - a phantom mirror
Comestibles
 c - 63 rations


   Skills:
 + Level 25.7 Fighting
 - Level 18.0 Axes
 + Level 23.9 Armour
 - Level 2.4 Dodging
 - Level 1.5 Stealth
 - Level 25.0 Shields
 - Level 20.0 Invocations


You had 25 spell levels left.
You didn't know any spells.
Your spell library contained the following spells:

 Spells                   Type           Power        Failure   Level  Hunger
 Apportation              Tloc           #.....       80%         1    ##.....
 Beastly Appendage        Tmut           #.....       80%         1    ##.....
 Confusing Touch          Hex            #.....       80%         1    ##.....
 Corona                   Hex            #......      80%         1    ##.....
 Flame Tongue             Conj/Fire      #....        80%         1    ##.....
 Freeze                   Ice            #...         80%         1    ##.....
 Magic Dart               Conj           #...         80%         1    ##.....
 Sting                    Conj/Pois      #...         80%         1    ##.....
 Summon Butterflies       Summ           #.......     80%         1    ##.....
 Blink                    Tloc           N/A          91%         2    ###....
 Corpse Rot               Necr           N/A          91%         2    ###....
 Ensorcelled Hibernation  Hex/Ice        #.....       91%         2    ###....
 Passwall                 Tmut/Erth      #.......     91%         2    ###....
 Poisonous Vapours        Pois/Air       #.....       91%         2    ###....
 Searing Ray              Conj           #.....       91%         2    ###....
 Shroud of Golubria       Chrm/Tloc      #.....       91%         2    ###....
 Song of Slaying          Chrm           #.......     91%         2    ###....
 Sticks to Snakes         Tmut           #.......     91%         2    ###....
 Sublimation of Blood     Necr           #.........   91%         2    ###....
 Swiftness                Chrm/Air       #.......     91%         2    ###....
 Throw Frost              Conj/Ice       #.....       91%         2    ###....
 Confuse                  Hex            #.......     99%         3    ####...
 Dazzling Spray           Conj/Hex       #.....       99%         3    ####...
 Gell's Gravitas          Tloc           #.........   99%         3    ####...
 Lesser Beckoning         Tloc           #.........   99%         3    ####...
 Mephitic Cloud           Conj/Pois/Air  #.......     99%         3    ####...
 Ozocubu's Armour         Chrm/Ice       #.......     99%         3    ####...
 Recall                   Summ/Tloc      N/A          99%         3    ####...
 Regeneration             Chrm/Necr      #.........   99%         3    ####...
 Spider Form              Tmut/Pois      #.........   99%         3    ####...
 Static Discharge         Conj/Air       #.......     99%         3    ####...
 Teleport Other           Tloc           #.......     99%         3    ####...
 Tukima's Dance           Hex            #.......     99%         3    ####...
 Cause Fear               Hex            #.........   100%        4    #####..
 Force Lance              Conj/Tloc      #.......     100%        4    #####..
 Fulminant Prism          Conj/Hex       #.........   100%        4    #####..
 Ice Form                 Ice/Tmut       #.......     100%        4    #####..
 Iskenderun's Mystic Bla  Conj           #.......     100%        4    #####..
 Leda's Liquefaction      Hex/Erth       #.........   100%        4    #####..
 Olgreb's Toxic Radiance  Pois           #.......     100%        4    #####..
 Petrify                  Tmut/Erth      #.......     100%        4    #####..
 Summon Ice Beast         Ice/Summ       #.......     100%        4    #####..
 Summon Lightning Spire   Summ/Air       #.......     100%        4    #####..
 Throw Icicle             Conj/Ice       #.......     100%        4    #####..
 Agony                    Necr           #.......     100%        5    ######.
 Alistair's Intoxication  Tmut/Pois      #.......     100%        5    ######.
 Aura of Abjuration       Summ           #.........   100%        5    ######.
 Blade Hands              Tmut           #.........   100%        5    ######.
 Bolt of Draining         Conj/Necr      #.........   100%        5    ######.
 Bolt of Magma            Conj/Fire/Erth #.........   100%        5    ######.
 Borgnjor's Vile Clutch   Necr/Erth      #.........   100%        5    ######.
 Dispel Undead            Necr           #.......     100%        5    ######.
 Excruciating Wounds      Chrm/Necr      #.........   100%        5    ######.
 Fireball                 Conj/Fire      #.........   100%        5    ######.
 Lee's Rapid Deconstruct  Erth           #.........   100%        5    ######.
 Lightning Bolt           Conj/Air       #.........   100%        5    ######.
 Metabolic Englaciation   Hex/Ice        #.........   100%        5    ######.
 Silence                  Hex/Air        #.........   100%        5    ######.
 Summon Demon             Summ           #.........   100%        5    ######.
 Summon Forest            Summ/Tloc      #.........   100%        5    ######.
 Summon Mana Viper        Hex/Summ       #.......     100%        5    ######.
 Yara's Violent Unravell  Hex/Tmut       #.........   100%        5    ######.
 Bolt of Cold             Conj/Ice       #.........   100%        6    #######
 Bolt of Fire             Conj/Fire      #.........   100%        6    #######
 Conjure Ball Lightning   Conj/Air       #.........   100%        6    #######
 Darkness                 Hex            #.........   100%        6    #######
 Deflect Missiles         Chrm/Air       #.........   100%        6    #######
 Freezing Cloud           Conj/Ice/Air   #.........   100%        6    #######
 Invisibility             Hex            #.......     100%        6    #######
 Ozocubu's Refrigeration  Ice            #.........   100%        6    #######
 Poison Arrow             Conj/Pois      #.........   100%        6    #######
 Shadow Creatures         Summ           N/A          100%        6    #######
 Simulacrum               Ice/Necr       #.........   100%        6    #######
 Dragon Form              Tmut           #.........   100%        7    #######
 Haunt                    Necr/Summ      #.........   100%        7    #######
 Borgnjor's Revivificati  Necr           #.........   100%        8    #######
 Chain Lightning          Conj/Air       #.........   100%        8    #######
 Death's Door             Chrm/Necr      #.........   100%        8    #######
 Ignition                 Fire           #.........   100%        8    #######
 Infestation              Necr           #.........   100%        8    #######
 Lehudib's Crystal Spear  Conj/Erth      #.........   100%        8    #######
 Necromutation            Tmut/Necr      #.........   100%        8    #######
 Dragon's Call            Summ           #.........   100%        9    #######
 Fire Storm               Conj/Fire      #.........   100%        9    #######
 Glaciate                 Conj/Ice       #.........   100%        9    #######
 Shatter                  Erth           #.........   100%        9    #######
 Tornado                  Air            #.........   100%        9    #######
 Passage of Golubria      Tloc           Unusable     N/A         4    N/A

Dungeon Overview and Level Annotations

Branches:
Dungeon (15/15)            Temple (0/1) D:7            Lair (6/6) D:10
 Shoals (4/4) Lair:4       Spider (4/4) Lair:2        Slime (0/5) Lair:6
    Orc (2/2) D:10            Elf (3/3) Orc:2        Vaults (5/5) D:13
  Crypt (0/3) Vaults:2     Depths (5/5) D:15            Zot (5/5) Depths:5
  IceCv (visited)

Altars:
Ashenzari
Dithmenos
Fedhas
Gozag
Kikubaaqudgha
Qazlal
Trog
Uskayaw
Vehumet
Xom
Yredelemnul
Beogh
Jiyva

Shops:
D:9 %   D:11 [   D:14 !   Orc:2 !%[[   Elf:2 *   Shoals:2 ?   Vaults:1 %
Zot:5 *   Depths:1 (   Depths:5 *

Portals:
Hell: Depths:1 Depths:2 Depths:3 Depths:4 Depths:5
Abyss: Depths:1 Depths:4 Depths:5
Pandemonium: Depths:2 Depths:3 Depths:4
Ziggurat: Depths:3

Annotations:
D:4 3 runed translucent doors, Sassenached's ghost, amateur DsFE
Lair:5 exclusion: 2 oklob plants
Elf:2 3 runed translucent doors
Elf:3 2 exclusions
Zot:5 exclusion: orange crystal statue


Innate Abilities, Weirdness & Mutations

You are partially covered in large bone plates. (SH +4)
Your mind is acute. (Int +2)
Your magical capacity is low. (-10% MP)
Potions are poor at restoring your health.
You expend magic power (3 MP) to strengthen your wands.


Message History

The Tzitzimitl is severely wounded.
You can no longer walk on water.
You can no longer give items to your followers.
Aiming: Smiting
Press: ? - help, Dir - move target cursor, f/p - Tzitzimitl Smite: a Tzitzimitl (severely wounded)
You smite the Tzitzimitl!
You kill the Tzitzimitl!
Beogh accepts your kill.
(D) Dungeon (T) Temple (L) Lair (A) Shoals (N) Spider Nest (M) Slime Pits (O) Orcish Mines (E) Elven Halls (V) Vaults (C) Crypt (U) Depths (H) Hell (Z) Zot
Where to? (Enter - D:1 @ (x,y), ? - help)
You are feeling hungry.
There is a staircase leading out of the dungeon here.
You begin recalling your allies.
Boghold is recalled.
Orbeogh is recalled.
You finish recalling your allies.
You have escaped!

#...###.........###..# #..##
##.......## ##.# #..#
#.......# #.# #..##
##.......## ##.#
#...###.........###..#
##...................##
#....................#
#........o...........######
#.........@................
#..........C........#######
#...................# #
#...................## #
#..###.........###...# #
#.## ##.......## ##..# #
#######.# #.......# #..# #
......#.## ##.......## ##..#
#
#####.#..###.........###...#
###


You could see the friendly Boghold the orc warlord and the friendly Orbeogh the
titan.

Vanquished Creatures
  4 ancient liches
  A pandemonium lord (D:9)
  4 curse toes
  A golden dragon (Zot:4)
  Nikola (Elf:2)
  2 electric golems
  9 tentacled monstrosities
  3 Tzitzimimeh
  2 liches
  10 Orb Guardians
  3 titans
  An Ice Fiend (D:6)
  A deep elf master archer (Elf:2)
  A quicksilver dragon (Depths:4)
  3 sphinxes (shapeshifter) (Depths:2)
  A kraken (Shoals:1)
  5 death cobs
  6 storm dragons
  A shadow dragon (shapeshifter) (Depths:2)
  A sphinx (Vaults:5)
  6 shadow dragons
  A tengu reaver (Vaults:5)
  2 draconian monks
  A fire giant (Depths:3)
  5 frost giants
  A draconian scorcher (Zot:2)
  5 draconian knights
  3 ghost moths (Spider:4)
  5 vault wardens
  An iron dragon (Depths:3)
  3 emperor scorpions
  2 war gargoyles
  2 deep elf elementalists (Elf:3)
  13 very ugly things
  2 draconian annihilators
  2 draconian stormcallers (Depths:5)
  7 stone giants
  8 ironheart preservers
  3 vampire knights
  5 green draconians
  2 entropy weavers
  A purple draconian (Zot:4)
  Nessos (Lair:4)
  5 deep elf demonologists
  10 red draconians
  2 white draconians
  3 black draconians
  5 deep elf annihilators (Elf:3)
  2 spark wasps
  5 crystal guardians (Depths:2)
  2 blizzard demons (IceCv)
  A jiangshi (Depths:3)
  4 deep elf death magi
  7 ettins
  4 deep elf high priests
  2 fire dragons
  A merfolk javelineer (Shoals:4)
  7 merfolk impalers
  5 great orbs of eyes
  Erolcha (D:9)
  9 ice dragons
  18 vault guards
  A spriggan air mage (Depths:3)
  9 yaktaur captains
  A catoblepas (Lair:6)
  3 merfolk avatars
  4 merfolk aquamancers
  2 alligator snapping turtles (Shoals:4)
  A satyr (Shoals:3)
  12 two-headed ogres
  7 centaur warriors
  7 ogre magi
  14 dancing weapons
  4 deep troll shamans
  A death yak (Lair:6)
  6 tengu warriors
  4 deep troll earth magi
  3 hell hogs (D:15)
  A vampire mage (Depths:3)
  A spriggan berserker (Depths:5)
  3 hell knights
  A small abomination (Elf:3)
  8 deep elf knights
  A sun demon (Depths:3)
  An iron troll (Depths:3)
  3 sea snakes
  A shadow wraith (Vaults:3)
  15 deep trolls
  An unseen horror (Vaults:1)
  A shadow demon (D:6)
  8 deep elf archers
  5 obsidian statues
  6 glowing orange brains
  A glowing orange brain (shapeshifter) (Elf:3)
  2 necromancers
  Pikel (D:7)
  A harpy (shapeshifter) (Depths:1)
  A wizard (Vaults:3)
  4 ironbrand convokers
  5 harpies
  2 orc knights
  37 deep elf magi
  5 fauns
  18 wolf spiders
  5 orb spiders
  7 manticores
  An oklob plant (Lair:5)
  10 moths of wrath
  7 cyclopes
  9 slime creatures
  14 ugly things
  4 elephants (Lair:6)
  A manticore (shapeshifter) (Depths:2)
  A black mamba (shapeshifter) (Depths:3)
  6 merfolk sirens
  A guardian serpent (shapeshifter) (Depths:1)
  Maurice (Orc:1)
  2 ice statues
  An orange demon (D:6)
  6 vault sentinels
  A black mamba (Lair:6)
  3 molten gargoyles (Depths:2)
  A rust devil (Depths:3)
  3 water nymphs
  2 torpor snails (Spider:2)
  3 gargoyles (Depths:2)
  3 komodo dragons
  5 spiny frogs
  A rime drake (shapeshifter) (Vaults:2)
  3 tengu conjurers
  4 freezing wraiths
  8 demonic crawlers
  2 anaconda simulacra (IceCv)
  A tormentor (Zot:1)
  19 yaktaurs
  4 trolls
  2 polar bears (Lair:6)
  8 jumping spiders
  A golden dragon simulacrum (IceCv)
  7 ice devils
  A merfolk (shapeshifter) (Depths:2)
  3 meliai (D:14)
  A wind drake (shapeshifter) (Vaults:1)
  A meliai (shapeshifter) (Depths:2)
  A jumping spider (shapeshifter) (Vaults:1)
  14 merfolk
  Prince Ribbit (D:8)
  A hippogriff (shapeshifter) (Depths:5)
  3 wind drakes (Shoals:4)
  7 dream sheep
  10 hornets
  A raiju (Depths:2)
  6 blink frogs
  8 hippogriffs
  7 snapping turtles
  Sigmund (D:2)
  4 dire elephant simulacra (IceCv)
  3 yaks
  37 redbacks
  8 tarantellas
  3 air elementals
  7 fire elementals
  15 water elementals
  2 humans (shapeshifter)
  2 basilisks
  2 hungry ghosts
  3 vampire mosquitoes
  2 steam dragons
  2 wargs (Vaults:3)
  4 harpy simulacra (IceCv)
  A redback simulacrum (D:15)
  An insubstantial wisp (Lair:6)
  2 iron troll simulacra (IceCv)
  2 acid dragons (D:14)
  3 hydra simulacra (IceCv)
  3 water moccasins
  2 porcupines (Lair:4)
  A floating eye (Depths:3)
  2 sky beasts
  11 orc warriors
  2 black bears
  A phantom (D:8)
  2 slaves (D:7)
  6 boggarts
  5 centaurs
  8 wolves
  20 ogres
  5 crocodiles
  A big kobold (D:7)
  A big kobold (shapeshifter) (Vaults:5)
  A gnoll sergeant (D:10)
  13 bullfrogs
  5 earth elementals
  4 scorpions
  50 killer bees
  4 wights (D:10)
  3 howler monkeys
  An electric eel (Spider:4)
  2 centaur zombies
  9 crimson imps
  2 draconian simulacra (IceCv)
  A quasit (D:10)
  5 hounds
  A human simulacrum (Vaults:2)
  A bullfrog skeleton (D:7)
  An iron imp (Depths:4)
  5 jellies
  7 orc wizards
  6 orc priests
  4 centaur skeletons
  3 iguanas
  15 worker ants
  A polar bear simulacrum (IceCv)
  A spriggan simulacrum (IceCv)
  A troll simulacrum (IceCv)
  3 centaur simulacra (IceCv)
  5 gnolls
  3 worker ant zombies
  A howler monkey skeleton (D:4)
  4 naga simulacra (IceCv)
  13 adders
  An ogre simulacrum (IceCv)
  4 shadow imps
  4 white imps (IceCv)
  8 ufetubi (IceCv)
  6 oozes
  An adder skeleton (D:6)
  2 worms (D:3)
  A ball lightning (Depths:2)
  4 dart slugs
  9 leopard geckos
  25 orcs
  10 bats
  8 giant cockroaches
  7 hobgoblins
  10 jackals
  6 quokkas
  3 ball pythons
  8 frilled lizards
  8 goblins
  A jackal skeleton (D:8)
  14 kobolds
  5 rats
  A butterfly (D:8)
  2 fungi (Elf:2)
  20 plants
1185 creatures vanquished.

Vanquished Creatures (collateral kills)
  2 orbs of fire (Zot:4)
  An ancient lich (Zot:4)
  A pandemonium lord (D:6)
  The ghost of mgcat the Conqueror, a veteran OgBe of Trog (Depths:4)
  4 Killer Klowns (Zot:4)
  2 curse toes
  8 golden dragons
  Arachne (Spider:2)
  3 electric golems
  The ghost of P0WERM0DE the Champion of Chaos, an adept DDFi of Makhleb (Zot:5)
  Jorgrun (Elf:1)
  15 tentacled monstrosities
  15 Orb Guardians
  2 deep elf blademasters (Elf:2)
  2 titans (Vaults:5)
  8 quicksilver dragons
  Asterion (Spider:2)
  A deep elf master archer (Elf:2)
  6 death cobs
  Agnes (Spider:3)
  2 sphinxes
  4 draconian monks
  Donald (Spider:1)
  3 tengu reavers
  10 storm dragons
  Ilsuiw (Shoals:4)
  6 shadow dragons
  The ghost of Gall2222 the Severer, a journeyman DDNe of Makhleb (Orc:2)
  2 fire giants
  A ghost moth (Spider:4)
  4 frost giants
  2 draconian knights
  2 orc warlords
  A ghost moth (shapeshifter) (Depths:2)
  An iron dragon (Depths:5)
  5 draconian scorchers
  3 emperor scorpions
  6 draconian shifters
  Louise (D:14)
  6 draconian stormcallers
  11 vault wardens
  4 deep elf elementalists
  17 ironheart preservers
  19 very ugly things
  3 war gargoyles
  2 entropy weavers
  19 stone giants
  An entropy weaver (shapeshifter) (Depths:2)
  8 deep elf demonologists
  3 vampire knights
  5 green draconians
  5 black draconians
  6 purple draconians
  A spark wasp (shapeshifter) (Vaults:5)
  3 red draconians
  7 spark wasps
  10 white draconians
  4 yellow draconians
  4 deep elf annihilators
  6 merfolk javelineers (Shoals:4)
  A blizzard demon (Depths:3)
  6 crystal guardians
  5 ettins
  8 yaktaur captains
  2 fire dragons
  5 deep elf death magi
  2 jiangshi (Depths:3)
  5 merfolk impalers
  3 great orbs of eyes
  A deep elf high priest (Elf:2)
  7 ice dragons
  13 vault guards
  6 ogre magi
  An anaconda (shapeshifter) (Vaults:5)
  A merfolk avatar (Shoals:1)
  7 hydras
  A rakshasa (Vaults:3)
  A catoblepas (D:13)
  4 centaur warriors
  A merfolk aquamancer (Shoals:4)
  6 deep troll shamans
  A queen ant (shapeshifter) (Depths:2)
  An alligator (shapeshifter) (Depths:2)
  16 dancing weapons
  28 two-headed ogres
  2 tengu warriors (Depths:4)
  2 death yaks (Lair:6)
  2 deep troll earth magi
  3 orc high priests
  3 spriggan berserkers
  5 deep elf knights
  3 iron trolls
  2 hell knights (Depths:4)
  12 sea snakes
  An unseen horror (D:11)
  14 deep trolls
  2 wizards
  A deep troll (shapeshifter) (Depths:4)
  An obsidian statue (Zot:5)
  An orange crystal statue (Elf:1)
  12 deep elf archers
  5 glowing orange brains
  6 ironbrand convokers
  A lindwurm (Lair:6)
  7 harpies
  11 orb spiders
  5 flayed ghosts
  26 deep elf magi
  18 ugly things
  10 orc knights
  2 necromancers
  17 wolf spiders
  A wolf spider (shapeshifter) (Depths:2)
  6 fauns
  3 cyclopes
  3 moths of wrath
  5 manticores
  2 salamanders (shapeshifter)
  A black mamba (shapeshifter) (Depths:3)
  A moth of wrath (shapeshifter) (Depths:2)
  4 elephants
  6 vault sentinels
  A water nymph (shapeshifter) (Depths:4)
  An eye of devastation (shapeshifter) (Vaults:4)
  5 black mambas
  7 merfolk sirens
  12 spiny frogs
  A molten gargoyle (Depths:2)
  A water nymph (Shoals:2)
  A gargoyle (Depths:2)
  4 freezing wraiths
  4 torpor snails (Spider:4)
  An anaconda simulacrum (IceCv)
  A kobold demonologist (D:13)
  A komodo dragon (shapeshifter) (Depths:1)
  3 efreet
  19 yaktaurs
  3 komodo dragons
  10 demonic crawlers
  A golden dragon simulacrum (IceCv)
  22 jumping spiders
  A hellwing (Depths:3)
  A tengu conjurer (Depths:4)
  6 trolls
  27 merfolk
  2 polar bears
  A meliai (shapeshifter) (Elf:1)
  10 wind drakes
  13 slime creatures
  2 hornets (Spider:4)
  13 blink frogs
  4 snapping turtles
  A dream sheep (Shoals:3)
  6 raiju (Depths:2)
  A snapping turtle (shapeshifter) (Depths:4)
  7 hippogriffs
  A redback (shapeshifter) (Vaults:5)
  31 redbacks
  A shadow (D:10)
  11 water elementals
  12 yaks
  7 air elementals
  23 tarantellas
  2 wraiths
  2 fire elementals
  A basilisk (shapeshifter) (Depths:2)
  A chaos spawn (D:9)
  A hungry ghost (D:11)
  A small abomination (D:9)
  5 vampire mosquitoes
  Grum (D:10)
  2 basilisks (Lair:6)
  A death yak simulacrum (IceCv)
  An iron troll simulacrum (IceCv)
  3 insubstantial wisps
  2 wargs (Orc:1)
  6 water moccasins
  A floating eye (shapeshifter) (Depths:2)
  3 porcupines
  A floating eye (Depths:3)
  An ice beast (D:10)
  A sky beast (D:14)
  17 orc warriors
  2 eyes of draining
  2 boggarts (Depths:1)
  16 ogres
  12 wolves
  3 centaurs
  4 crocodiles
  A big kobold (D:12)
  4 bullfrogs
  4 earth elementals
  A scorpion (D:12)
  3 killer bees
  3 wights (D:10)
  A howler monkey (D:12)
  2 bullfrog zombies
  A quasit (D:12)
  2 hounds
  3 jellies
  3 orc priests
  4 centaur skeletons
  3 orc wizards
  A troll simulacrum (IceCv)
  2 worker ants
  A gnoll (Orc:1)
  An adder (D:10)
  A naga simulacrum (IceCv)
  2 shadow imps
  A leopard gecko (D:11)
  9 orcs
  3 kobolds (D:12)
  3 bushes (D:12)
  9 fungi
  34 plants
  2 tentacles (Shoals:1)
1089 creatures vanquished.

Vanquished Creatures (others)
  6 orc warlords
  A storm dragon (Zot:5)
  2 draconian knights
  A very ugly thing (Depths:2)
  A centaur warrior (Vaults:4)
  A satyr (Shoals:2)
  2 orc high priests
  18 orc knights
  A deep elf knight (Elf:2)
  A deep elf archer (Elf:2)
  30 orc warriors
  2 deep elf magi
  2 yaktaurs
  9 orc priests
  A boggart (Vaults:1)
  2 centaurs (Orc:2)
  A crocodile (shapeshifter) (Elf:2)
  8 orc wizards
  A crimson imp (D:7)
  A hound (D:6)
  10 ball lightnings (Depths:2)
  39 orcs
  6 fungi
  9 plants
  2 tentacles (Shoals:1)
157 creatures vanquished.

Grand Total: 2431 creatures vanquished

Notes
Turn   | Place    | Note
-------+----------+-------------------------------------------
     0 | D:1      | Gall2222 the Hill Orc Monk began the quest for the Orb.
     0 | D:1      | Reached XP level 1. HP: 19/19 MP: 1/1
   194 | D:1      | Reached XP level 2. HP: 23/27 MP: 2/2
   386 | D:1      | Reached skill level 1 in Armour
   775 | D:1      | Reached XP level 3. HP: 33/33 MP: 3/3
   839 | D:2      | Found a radiant altar of Vehumet.
  1246 | D:2      | Noticed Sigmund
  1271 | D:1      | Reached skill level 5 in Axes
  2017 | D:2      | Reached XP level 4. HP: 40/40 MP: 4/4
  2087 | D:2      | Found a hide-covered altar of Uskayaw.
  2741 | D:3      | Noticed a centaur
  2776 | D:3      | Killed a centaur
  2776 | D:3      | Reached skill level 1 in Shields
  2776 | D:3      | Reached XP level 5. HP: 33/47 MP: 5/5
  3193 | D:4      | Noticed an ogre
  3387 | D:4      | Killed an ogre
  3387 | D:4      | Reached XP level 6. HP: 43/55 MP: 6/6
  3449 | D:4      | Reached skill level 5 in Fighting
  3529 | D:4      | Found a runed translucent gate.
  3529 | D:4      | Found a runed translucent gate.
  3529 | D:4      | Found a runed translucent gate.
  3580 | D:4      | Noticed Sassenached's ghost (amateur DsFE)
  3627 | D:4      | Found a bloodstained altar of Trog.
  3664 | D:4      | Reached XP level 7. HP: 54/61 MP: 7/7
  4375 | D:2      | Killed Sigmund
  4491 | D:5      | Entered Level 5 of the Dungeon
  4660 | D:5      | Reached XP level 8. HP: 48/70 MP: 8/8
  5492 | D:6      | Became a worshipper of Beogh the Brigand
  5492 | D:6      | Reached * piety under Beogh
  5492 | D:6      | Reached ** piety under Beogh
  5678 | D:6      | Found a blossoming altar of Fedhas.
  5956 | D:7      | Noticed Pikel
  5962 | D:7      | Reached skill level 5 in Armour
  6026 | D:7      | Gained mutation: You are occasionally teleported next to
                  | monsters. [potion of mutation]
  6026 | D:7      | Gained mutation: Your body sometimes deteriorates upon
                  | taking damage. [potion of mutation]
  6026 | D:7      | Gained mutation: You tend to lose your temper in combat.
                  | [potion of mutation]
  6026 | D:7      | Gained mutation: You are agile. (Dex +2) [potion of
                  | mutation]
  6040 | D:7      | Reached skill level 10 in Axes
  6103 | D:7      | Reached XP level 9. HP: 64/78 MP: 9/9
  6120 | D:7      | Killed Pikel
  6120 | D:7      | Reached skill level 5 in Shields
  6155 | D:7      | Found a shadowy altar of Dithmenos.
  6187 | D:7      | Lost mutation: You are agile. (Dex +2) [potion of mutation]
  6187 | D:7      | Gained mutation: Your body often deteriorates upon taking
                  | damage. [potion of mutation]
  6187 | D:7      | Gained mutation: You are partially covered in large bone
                  | plates. (SH +4) [potion of mutation]
  6190 | D:7      | Found an ancient bone altar of Kikubaaqudgha.
  6299 | D:7      | Found a stormy altar of Qazlal.
  7064 | D:7      | Found a staircase to the Ecumenical Temple.
  7885 | D:8      | Noticed Prince Ribbit
  7931 | D:8      | Killed Prince Ribbit
  8027 | D:8      | Reached XP level 10. HP: 88/88 MP: 10/10
  8162 | D:8      | Found a shimmering altar of Xom.
  8561 | D:9      | Noticed Erolcha
  8571 | D:9      | Paralysed by Erolcha for 5 turns
  8624 | D:9      | Killed Erolcha
  8624 | D:9      | Reached *** piety under Beogh
  8825 | D:9      | Gained Berold as an ally
  8844 | D:9      | Your ally Berold died
  8879 | D:9      | HP: 2/91 [centaur skeleton (6)]
  8888 | D:9      | HP: 3/91 [killer bee (1)]
  9571 | D:9      | Found Luginn's Food Shoppe.
  9734 | D:9      | Reached XP level 11. HP: 90/97 MP: 11/11
 10116 | D:9      | Gained Koronagh as an ally
 10469 | D:10     | Entered Level 10 of the Dungeon
 10496 | D:10     | Found a staircase to the Lair.
 10508 | D:10     | Reached **** piety under Beogh
 11470 | D:10     | Found a staircase to the Orcish Mines.
 11478 | D:10     | Reached skill level 10 in Fighting
 11655 | D:10     | Noticed Grum
 11686 | D:10     | Paralysed by fainting for 5 turns
 11686 | D:10     | Killed Grum
 11695 | D:10     | Paralysed by fainting for 5 turns
 11999 | D:11     | Found Zufui's Antique Armour Emporium.
 12010 | D:11     | Bought a runed cloak for 225 gold pieces
 12010 | D:11     | Bought a pair of distressingly furry gloves for 285 gold
                  | pieces
 12016 | D:11     | Noticed a manticore
 12021 | D:11     | Killed a manticore
 12094 | D:11     | Killed an unseen horror
 12098 | D:11     | Noticed a red ugly thing
 12110 | D:11     | Killed a red ugly thing
 12379 | D:11     | Identified the +0 pair of gloves of Defiance {Regen+ Int+4
                  | Dex-4} (You bought it in a shop on level 11 of the Dungeon)
 12993 | Lair:1   | Entered Level 1 of the Lair of Beasts
 13330 | Lair:1   | Reached skill level 15 in Axes
 14276 | Lair:2   | Found a hole to the Spider Nest.
 14378 | Lair:2   | Reached XP level 12. HP: 90/108 MP: 12/12
 14449 | Lair:2   | Reached ***** piety under Beogh
 15116 | Lair:3   | Noticed a six-headed hydra
 15123 | Lair:3   | Killed a seven-headed hydra
 15779 | Lair:4   | Found a staircase to the Shoals.
 15832 | Lair:4   | Noticed an eight-headed hydra
 15833 | Lair:4   | Noticed a seven-headed hydra
 15839 | Lair:4   | Killed an 11-headed hydra
 15842 | Lair:4   | Killed a ten-headed hydra
 16299 | Lair:4   | Reached skill level 10 in Armour
 16479 | Lair:4   | Noticed Nessos
 16491 | Lair:4   | Killed Nessos
 16944 | Lair:5   | Noticed a six-headed hydra
 16950 | Lair:5   | Killed a nine-headed hydra
 17075 | Lair:5   | Found the +3 salamander hide armour {+Rage rF++}
 17082 | Lair:5   | Reached skill level 10 in Shields
 17115 | Lair:5   | Noticed a four-headed hydra
 17123 | Lair:5   | Killed a six-headed hydra
 17978 | Lair:6   | Entered Level 6 of the Lair of Beasts
 17987 | Lair:6   | Gained Ogrik as an ally
 17993 | Lair:6   | Reached XP level 13. HP: 108/117 MP: 13/13
 18288 | Lair:6   | Got a faintly glowing war axe
 18361 | Lair:6   | Identified the +8 war axe "Transmigrator" {freeze, Str+8}
                  | (You found it on level 6 of the Lair of Beasts)
 18615 | Lair:6   | Found a viscous altar of Jiyva.
 18615 | Lair:6   | Found a staircase to the Slime Pits.
 18949 | Lair:6   | Gained Gorg as an ally
 19822 | D:12     | Reached skill level 1 in Invocations
 20608 | D:13     | Reached XP level 14. HP: 129/129 MP: 16/16
 21153 | D:13     | Found a gate to the Vaults.
 21382 | D:14     | Found Akle's Distillery.
 21464 | D:14     | Reached ****** piety under Beogh
 21919 | D:14     | Reached skill level 5 in Invocations
 22099 | D:14     | Noticed Louise
 22108 | D:14     | Killed Louise
 22331 | D:15     | Entered Level 15 of the Dungeon
 22371 | D:15     | Found a blossoming altar of Fedhas.
 23003 | D:15     | Found a staircase to the Depths.
 23313 | Orc:1    | Entered Level 1 of the Orcish Mines
 23482 | Orc:1    | Noticed Maurice
 23489 | Orc:1    | Killed Maurice
 23692 | Orc:1    | Identified a scroll of acquirement
 23700 | Orc:2    | Entered Level 2 of the Orcish Mines
 23731 | Orc:2    | Found Vuckif's Antique Armour Emporium.
 23731 | Orc:2    | Found Weluruy's Food Boutique.
 23746 | Orc:2    | Found Nevanele's Distillery.
 23748 | Orc:2    | Found Qoidghod's Antique Armour Shoppe.
 23820 | Orc:2    | Bought a potion of mutation for 96 gold pieces
 23820 | Orc:2    | Lost mutation: Your body often deteriorates upon taking
                  | damage. [potion of mutation]
 23820 | Orc:2    | Lost mutation: You tend to lose your temper in combat.
                  | [potion of mutation]
 23820 | Orc:2    | Lost mutation: You are partially covered in large bone
                  | plates. (SH +4) [potion of mutation]
 23820 | Orc:2    | Lost mutation: Your body sometimes deteriorates upon taking
                  | damage. [potion of mutation]
 23820 | Orc:2    | Gained mutation: You have a pair of small horns on your
                  | head. [potion of mutation]
 23820 | Orc:2    | Gained mutation: You are clumsy. (Dex -2) [potion of
                  | mutation]
 23820 | Orc:2    | Gained mutation: You are somewhat resistant to further
                  | mutation. [potion of mutation]
 23827 | Orc:2    | Bought an ancient chain mail for 294 gold pieces
 23827 | Orc:2    | Identified the cursed +0 chain mail "Becheom" {rElec Int+2
                  | Stlth-} (You bought it in a shop on level 2 of the Orcish
                  | Mines)
 23887 | Orc:2    | Found a flickering gateway to a bazaar.
 23897 | Bazaar   | Entered a bazaar
 23897 | Bazaar   | Found Onuwk's General Store.
 23905 | Bazaar   | Bought a potion of mutation for 104 gold pieces
 23911 | Bazaar   | Found Ysuets's Distillery.
 23922 | Bazaar   | Found Sunk's Antique Armour Shop.
 23933 | Bazaar   | Found Lukhen's Magic Scroll Emporium.
 23953 | Bazaar   | Bought a translucent plate armour for 448 gold pieces
 23953 | Bazaar   | Lost mutation: You are occasionally teleported next to
                  | monsters. [potion of mutation]
 23953 | Bazaar   | Lost mutation: You have a pair of small horns on your head.
                  | [potion of mutation]
 23953 | Bazaar   | Lost mutation: You are somewhat resistant to further
                  | mutation. [potion of mutation]
 23953 | Bazaar   | Lost mutation: You are clumsy. (Dex -2) [potion of
                  | mutation]
 23953 | Bazaar   | Gained mutation: You are partially covered in iridescent
                  | scales. (AC +2) [potion of mutation]
 23953 | Bazaar   | Gained mutation: You can translocate small distances at
                  | will. [potion of mutation]
 23959 | Bazaar   | Identified the +7 plate armour of Cahec {rF+ Str+4} (You
                  | bought it in a shop in a bazaar)
 24400 | Orc:2    | Found a runed translucent door.
 24402 | Orc:2    | Noticed Gall2222's ghost (journeyman DDNe)
 24575 | Orc:2    | Killed Gall2222's ghost
 24680 | Orc:2    | Found a staircase to the Elven Halls.
 25012 | Spider:1 | Entered Level 1 of the Spider Nest
 25124 | Spider:1 | Noticed an entropy weaver
 25126 | Spider:1 | Killed an entropy weaver
 25196 | Spider:1 | Reached XP level 15. HP: 110/139 MP: 20/20
 25359 | Spider:1 | Noticed Donald
 25377 | Spider:1 | Killed Donald
 25473 | Spider:1 | Noticed an emperor scorpion
 25483 | Spider:1 | Killed an emperor scorpion
 26150 | Spider:2 | Noticed Arachne
 26156 | Spider:2 | Killed Arachne
 26162 | Spider:2 | Gained Boghold as an ally
 26211 | Spider:2 | Found a frozen archway.
 26396 | IceCv    | Entered an ice cave
 26861 | IceCv    | Reached skill level 15 in Fighting
 26903 | IceCv    | HP: 7/141 [golden dragon simulacrum (19)]
 26985 | IceCv    | Gained Orkrul as an ally
 27344 | IceCv    | Your ally Orkrul died
 27987 | Spider:2 | Noticed Asterion
 27993 | Spider:2 | Noticed a cacodemon
 27994 | Spider:2 | Gained mutation: You are occasionally teleported next to
                  | monsters. [a cacodemon]
 27998 | Spider:2 | Killed Asterion
 27999 | Spider:2 | Reached skill level 10 in Invocations
 28206 | Spider:2 | Noticed Agnes
 28947 | Spider:2 | Upgraded the game from 0.24-a0-581-gc0fa6600bf to
                  | 0.24-a0-582-g4d4af813a0
 29405 | Shoals:1 | Entered Level 1 of the Shoals
 29570 | Shoals:1 | Noticed a kraken
 29584 | Shoals:1 | Killed a kraken
 29737 | Shoals:1 | Reached XP level 16. HP: 143/149 MP: 23/23
 30759 | Shoals:2 | Found Saprohil's Magic Scroll Boutique.
 30807 | Shoals:2 | Bought a scroll of enchant armour for 135 gold pieces
 30807 | Shoals:2 | Bought a scroll of blinking for 135 gold pieces
 31682 | Shoals:3 | Reached skill level 15 in Shields
 32613 | Shoals:4 | Entered Level 4 of the Shoals
 32634 | Shoals:4 | Identified Kukotos's Disquisition on Lucky Blows and
                  | Bruises
 32794 | Shoals:4 | Gained Norbak as an ally
 32821 | Shoals:4 | Got a barnacled rune of Zot
 32991 | Shoals:4 | Noticed Ilsuiw
 33006 | Shoals:4 | Killed Ilsuiw
 33130 | Shoals:4 | Reached XP level 17. HP: 110/158 MP: 26/26
 33363 | Shoals:4 | Gained Bogbrand as an ally
 33485 | Shoals:4 | Reached skill level 15 in Armour
 33756 | Shoals:4 | Got a clouded copper ring
 33797 | Shoals:4 | Identified the ring "Awniruit" {rF+ rC+ rN+ Str+4 Slay-2}
                  | (You found it on level 4 of the Shoals)
 34294 | Vaults:1 | Entered Level 1 of the Vaults
 34917 | Vaults:1 | You fall into a shaft and drop 1 floor!
 34985 | Vaults:2 | Found a staircase to the Crypt.
 34985 | Vaults:2 | Found a basalt altar of Yredelemnul.
 34986 | Vaults:2 | Found an ancient bone altar of Kikubaaqudgha.
 35302 | Vaults:2 | Noticed a sphinx
 35307 | Vaults:2 | Killed a sphinx
 35615 | Vaults:2 | Reached XP level 18. HP: 166/169 MP: 28/28
 36730 | Vaults:1 | Found Zaplelai's Food Shoppe.
 37135 | Vaults:1 | Got a heavily runed plate armour
 37136 | Vaults:1 | Identified the cursed +0 plate armour of Ympoos {+Inv rC++
                  | MR- Regen+} (You found it on level 1 of the Vaults)
 37979 | Vaults:3 | Gained Agrik as an ally
 38089 | Vaults:3 | Identified the cursed +1 great sword "Orhoets" {drain,
                  | +Rage Str+5}
 38096 | Vaults:3 | Gained Agrik as an ally
 38592 | Vaults:3 | Your ally Agrik died
 39043 | Vaults:3 | Gained Orbeogh as an ally
 39809 | Vaults:4 | Reached XP level 19. HP: 172/179 MP: 28/30
 40020 | Vaults:4 | Reached skill level 15 in Invocations
 40064 | Vaults:4 | Gained Margrim as an ally
 40347 | Vaults:4 | Gained Jorge as an ally
 40348 | Vaults:4 | Your ally Margrim died
 40356 | Vaults:4 | Gained Murdo as an ally
 40629 | Vaults:4 | Your ally Jorge died
 40960 | Vaults:4 | Found a roughly hewn altar of Beogh.
 41612 | Depths:1 | Entered Level 1 of the Depths
 41669 | Depths:1 | Found a shattered altar of Ashenzari.
 41828 | Depths:1 | Found a gateway to Hell.
 42286 | Depths:1 | Found Xithrech's Weapon Boutique.
 42937 | Depths:1 | Found a one-way gate to the infinite horrors of the Abyss.
 43369 | Depths:2 | Your ally Koronagh died
 43369 | Depths:2 | Your ally Gorg died
 43370 | Depths:2 | Your ally Agrik died
 43372 | Depths:2 | Your ally Norbak died
 43383 | Depths:2 | Reached XP level 20. HP: 105/189 MP: 9/32
 43383 | Depths:2 | Noticed a caustic shrike
 43383 | Depths:2 | a shadow dragon changed into a caustic shrike
 43385 | Depths:2 | a caustic shrike changed into a sphinx
 43671 | Depths:2 | Lost mutation: You are occasionally teleported next to
                  | monsters. [potion of mutation]
 43671 | Depths:2 | Lost mutation: You are partially covered in iridescent
                  | scales. (AC +2) [potion of mutation]
 43671 | Depths:2 | Lost mutation: You can translocate small distances at will.
                  | [potion of mutation]
 43671 | Depths:2 | Gained mutation: You expend magic power (3 MP) to
                  | strengthen your wands. [potion of mutation]
 43671 | Depths:2 | Gained mutation: You are partially covered in large bone
                  | plates. (SH +4) [potion of mutation]
 43671 | Depths:2 | Gained mutation: Your mind is acute. (Int +2) [potion of
                  | mutation]
 44619 | Depths:2 | Found a one-way gate leading to the halls of Pandemonium.
 45134 | Depths:2 | Identified the Catalogue of the Volcanoes and Poisoning
 45309 | Depths:3 | Found a gateway to a ziggurat.
 45311 | Depths:3 | Paralysed by a floating eye for 4 turns
 45317 | Depths:3 | Paralysed by a floating eye for 3 turns
 45322 | Depths:3 | Paralysed by a floating eye for 3 turns
 45629 | Depths:3 | Your ally Murdo died
 45660 | Depths:3 | Your ally Ogrik died
 46639 | Depths:3 | Paralysed by a vampire knight for 3 turns
 46809 | Depths:3 | Reached XP level 21. HP: 182/199 MP: 29/33
 48370 | Depths:4 | Your ally Bogbrand died
 48682 | Depths:4 | Found a runed translucent gate.
 48682 | Depths:4 | Found a runed translucent gate.
 48682 | Depths:4 | Found a runed translucent gate.
 48683 | Depths:4 | Noticed mgcat's ghost (veteran OgBe)
 48699 | Depths:4 | Killed mgcat's ghost
 48848 | Depths:5 | Entered Level 5 of the Depths
 49046 | Depths:5 | Found a gate to the Realm of Zot.
 49067 | Depths:5 | Gained Olfrun as an ally
 49178 | Depths:5 | Paralysed by a great orb of eyes for 6 turns
 49530 | Depths:5 | Found Kunlil's Assorted Antiques.
 50001 | Depths:5 | Paralysed by a vampire knight for 4 turns
 50685 | Elf:1    | Entered Level 1 of the Elven Halls
 50992 | Elf:1    | Noticed Jorgrun
 50999 | Elf:1    | Killed Jorgrun
 51372 | Elf:1    | Reached XP level 22. HP: 209/209 MP: 35/35
 52307 | Elf:2    | Gained Olfik as an ally
 52315 | Elf:2    | Your ally Olfik died
 52542 | Elf:2    | Found a runed translucent gate.
 52542 | Elf:2    | Found a runed translucent gate.
 52552 | Elf:2    | Found a runed translucent gate.
 52575 | Elf:2    | Found Joniw's General Store.
 52586 | Elf:2    | Noticed Nikola
 52594 | Elf:2    | Killed Nikola
 52889 | Elf:3    | Entered Level 3 of the Elven Halls
 52979 | Elf:3    | Found the ring of the Mage {Wiz MR++ Int+3}
 54199 | Elf:3    | Identified the +9 crystal plate armour of a ziggurat {MR+}
 54853 | Elf:3    | Found an ancient bone altar of Kikubaaqudgha.
 54884 | Elf:3    | Identified the ring of Amelioration {-Tele rF+++ rCorr
                  | Stlth+}
 55014 | Elf:3    | Identified the ring "Munab" {Str+9 Int+4 Dex+5 Stlth-}
 55184 | Elf:3    | Identified Xutonwue's Almanac of Bewitchment and Envenoming
 55192 | Elf:3    | Got a wavering brass ring
 55196 | Elf:3    | Got a faintly glowing bone ring
 55304 | Elf:3    | Got a faintly glowing large shield
 55305 | Elf:3    | Identified the +3 large shield of Acisehie {SInv} (You
                  | acquired it on level 3 of the Elven Halls)
 55317 | Elf:3    | Identified the ring "Ogaporyd" {rN+ Str+5 Dex+2} (You found
                  | it on level 3 of the Elven Halls)
 55318 | Elf:3    | Identified the ring "Oputoigg" {rC+ rN+ MR+ Int+5 Stlth+}
                  | (You found it on level 3 of the Elven Halls)
 55476 | Elf:3    | Identified the ring "Vetuogro" {rPois Dex+5}
 55844 | Vaults:5 | Entered Level 5 of the Vaults
 55875 | Vaults:4 | Gained Hawl as an ally
 56143 | Vaults:5 | Reached XP level 23. HP: 184/220 MP: 33/36
 56426 | Vaults:5 | Identified the ring of Secsudiu {+Fly rF++ Int-2 Dex+5}
 56767 | Vaults:5 | Identified the cursed +0 trident of Certain Death {pierce,
                  | rC+}
 56767 | Vaults:5 | Identified the +7 ice dragon scales of the Robin {rElec
                  | rPois rF- rC++ rN+ Stlth-}
 56767 | Vaults:5 | Identified the ring "Qazum" {rC+ EV+3 Int+5}
 56773 | Vaults:5 | Noticed a golden dragon
 56785 | Vaults:5 | Killed a golden dragon
 57048 | Vaults:5 | Noticed a golden dragon
 57057 | Vaults:5 | Killed a golden dragon
 57295 | Vaults:5 | Got a steaming bone ring
 57377 | Vaults:5 | Found the +0 sword of Power
 57385 | Vaults:5 | Identified the ring "Icashy" {rN+ Dex+5} (You found it on
                  | level 5 of the Vaults)
 57413 | Vaults:5 | Got a silver rune of Zot
 58514 | Spider:3 | Killed Agnes
 58941 | Spider:3 | Gained Marbaugh as an ally
 59451 | Spider:4 | Entered Level 4 of the Spider Nest
 60300 | Spider:4 | Got a gossamer rune of Zot
 60807 | Zot:1    | Entered Level 1 of the Realm of Zot
 60824 | Depths:5 | Reached XP level 24. HP: 219/231 MP: 36/36
 61397 | Zot:1    | Your ally Marbaugh died
 62363 | Zot:2    | Noticed a curse toe
 62382 | Zot:2    | Killed a curse toe
 63815 | Zot:3    | Noticed a curse toe
 63821 | Zot:3    | Killed a curse toe
 64319 | Zot:3    | Reached XP level 25. HP: 168/243 MP: 24/36
 64322 | Zot:3    | Your ally Olfrun died
 64838 | Zot:3    | Identified the Guide on Poisoning
 66093 | Zot:4    | Your ally Hawl died
 66882 | Zot:5    | Entered Level 5 of the Realm of Zot
 66907 | Zot:5    | Found a runed translucent gate.
 66907 | Zot:5    | Found a runed translucent gate.
 66907 | Zot:5    | Found a runed translucent gate.
 66909 | Zot:5    | Found an opulent altar of Gozag.
 67411 | Zot:5    | Noticed P0WERM0DE's ghost (adept DDFi)
 67412 | Zot:5    | Found Tonod's Assorted Antiques.
 67443 | Zot:5    | Killed P0WERM0DE's ghost
 67531 | Zot:5    | Bought a scroll of summoning for 465 gold pieces
 67680 | Zot:5    | Noticed an ancient lich
 67703 | Zot:5    | Noticed an orb of fire
 67750 | Zot:5    | Gained mutation: Potions are less effective at restoring
                  | your health. [an orb of fire]
 67769 | Zot:5    | Noticed a Killer Klown
 67769 | Zot:5    | Gained mutation: Your magical capacity is low. (-10% MP)
                  | [an orb of fire]
 67770 | Zot:5    | Noticed an orb of fire
 67770 | Zot:5    | Killed an ancient lich
 67770 | Zot:5    | Gained mutation: Potions are poor at restoring your health.
                  | [an orb of fire]
 67778 | Zot:4    | Killed an orb of fire
 68022 | Zot:5    | Noticed an ancient lich
 68036 | Zot:4    | Killed an orb of fire
 68190 | Zot:5    | Noticed a Killer Klown
 68308 | Zot:5    | Noticed a Killer Klown
 68309 | Zot:5    | Noticed a Killer Klown
 68318 | Zot:4    | Killed a Killer Klown
 68320 | Zot:4    | Killed an ancient lich
 68487 | Zot:5    | Noticed an ancient lich
 68496 | Zot:4    | Killed a Killer Klown
 68501 | Zot:4    | Killed a Killer Klown
 68501 | Zot:4    | Reached XP level 26. HP: 215/256 MP: 32/33
 68590 | Zot:5    | Noticed an ancient lich
 68617 | Zot:4    | Killed an ancient lich
 68618 | Zot:4    | Killed an ancient lich
 68622 | Zot:4    | Killed a Killer Klown
 69184 | Zot:5    | Noticed an ancient lich
 69648 | Zot:5    | Killed an ancient lich
 69841 | Zot:5    | Got the Orb of Zot
 70166 | D:9      | Noticed Cob Orokh the pandemonium lord
 70174 | D:9      | Killed Cob Orokh the pandemonium lord
 70234 | D:6      | Noticed Biysi the pandemonium lord
 70252 | D:6      | Killed Biysi the pandemonium lord
 70365 | D:$      | Escaped with the Orb!

Levels and vault maps discovered:
D:1:      minmay_arrival_four_circles, layout_basic,
          hangedman_abyss_or_decor_lesser_grid
D:2:      cheibrodos_helix_gallery, layout_rooms, overflow_temple_1_default,
          lemuel_crystal_altar, serial_curves, eino_curves_01, eino_curves_01,
          uniq_sigmund
D:3:      layout_rooms, minmay_pentangle
D:4:      layout_layer_cave, overflow_temple_1_default, first_ration,
          gammafunk_ghost_necromancy
D:5:      layout_basic
D:6:      layout_rooms, basic_altar
D:7:      layout_basic, grunt_dithmenos_smoke_and_mirrors, grunt_qazlal_clouds,
          nicolae_overflow_crystal_walls, minmay_temple_entry_poolview,
          uniq_pikel
D:8:      layout_loops_corners, xom_butterflies, uniq_prince_ribbit1
D:9:      wad_woods_minihive, layout_basic, serial_shops, shop,
          hangedman_little_slice_of_home, uniq_erolcha
D:10:     layout_roguey, david_lair_generic, erik_orc_2, uniq_grum
D:11:     layout_basic, serial_shops,
          nicolae_shop_temple_entry_statues_fountains, nicolae_two_hexagons
D:12:     layout_cave_pods, serial_bayou_pond_d, drop_trap, minivault_24,
          kennysheep_boxes
D:13:     layout_irregular_city, david_vaults_5
D:14:     layout_basic, infiniplex_staircase_zigzag_5, serial_shops, shop,
          uniq_louise
D:15:     grunt_enter_depths_snipers, layout_basic, fedhas_altar_1,
          hangedman_decor_push, item_on_display_a
Lair:1:   layout_layer_cave
Lair:2:   layout_regular_city, spider_nest_entry_webs
Lair:3:   layout_chaotic_city
Lair:4:   layout_regular_city, elwin_shoals_entry_rocks, grunt_megastairs_5,
          lemuel_fruit_tree, uniq_nessos
Lair:5:   layout_cave_pods, st_stairs_7, minmay_lair_oklob_chamber
Lair:6:   grunt_lair_end_beastmaster, layout_regular_city,
          dpeg_slime_entry_enclosed_altar, pond, grunt_megastairs_2
Shoals:1: layout_shoals
Shoals:2: layout_shoals, serial_shops, shop, nicolae_shoals_loop_pool
Shoals:3: layout_shoals
Shoals:4: shoals_end_simple, layout_shoals, shoals_ilsuiw_ice
Spider:1: layout_spider_delve, einodemon_crawler_minivault, uniq_donald
Spider:2: layout_chambers, portal_ice_cave_entry_ice_statue_one, uniq_agnes,
          uniq_asterion, uniq_arachne
Spider:3: layout_spider_delve
Spider:4: spider_rune_water
Orc:1:    layout_caves, uniq_maurice
Orc:2:    st_orc_rangers, layout_diamond_mine, serial_shops, bzr_in_the_mist,
          ebering_ghost_inner_flame
Elf:1:    eino_elf_arrival_sip, layout_geoelf_octagon,
          hangedman_corner_corridor, minivault_16, uniq_jorgrun
Elf:2:    layout_geoelf_grid, serial_shops, nicolae_shop_crystal, uniq_aizul,
          uniq_nikola
Elf:3:    grunt_elf_hall_diamonds, layout_onion_city, basic_altar,
          due_unseen_surprise
Vaults:1: ontoclasm_vaults_ring_small, v_misc_25,
          hangedman_vaults_stretched_pinwheel, nicolae_vaults_little_squares_4,
          grunt_vaults_swirl, vaults_dpeg_hooks, v_misc_25, v_rooms_3,
          dpeg_vaults_monster_box, v_misc_17, ontoclasm_vaults_gateway,
          vaults_room_door_ring, vaults_standard_mumra_enter_the_diamond,
          nicolae_vaults_border_crossing, layout_vaults_maze_snakey,
          serial_shops, nicolae_shop_stone
Vaults:2: v_misc_16, hangedman_vaults_river_flow, ontoclasm_vaults_hangar,
          ontoclasm_vaults_claustrophobia, minmay_crypt_entry_necro_gods,
          ontoclasm_vaults_eye, v_pattern_2, v_misc_23,
          hangedman_vaults_stitches, nicolae_vaults_little_ls,
          vaults_dpeg_doors, vaults_room_pool, vaults_room_grunt_arrival_ludios,
          nicolae_vaults_specimen_jars, layout_vaults_omnibox
Vaults:3: nicolae_vaults_yaktaur_gun_rack, hangedman_vaults_nails,
          st_more_cells, nicolae_vaults_network_square, hangedman_vaults_snaps,
          v_alt_pattern_4, v_misc_15, layout_vaults_omnigrid
Vaults:4: v_misc_3, nicolae_vaults_triangles, vaults_room_stairs_pillars,
          special_room_vaults [special_room_orc], vaults_standard_mumra_lines,
          v_misc_16, vaults_dpeg_encased_lava, ontoclasm_vaults_loading_screen,
          layout_vaults_chaotic_city, serial_glass
Vaults:5
Depths:1: layout_basic, pf_coc_iceberg, abyss_entry,
          nicolae_ashenzari_panopticon, minmay_misc_feat_tiny,
          kennysheep_windowed_goal
Depths:2: radiant_caverns_b_rkd, hell_entry, pan_entry
Depths:3: minmay_connected_boxes_in_corner, layout_cave_shapes,
          enter_ziggurat_d, rand_demon_pan_entry_5, hell_entry,
          chequers_decorated_corner, roderic_lattice_octagonal_star
Depths:4: hangedman_cross_stitches, layout_gridlike, pan_entry,
          minmay_misc_feat_roman, abyss_entry_small_statue_room,
          grunt_hell_entry_dis_mu, ebering_ghost_rock_garden
Depths:5: evilmike_zot_entry_argh, layout_gridlike, interstate_on_off,
          hell_entry, serial_shops, shop, abyss_entry
Zot:1:    layout_misc_corridors
Zot:2:    kennysheep_blocky_room, layout_misc_corridors
Zot:3:    layout_basic
Zot:4:    layout_basic
Zot:5:    layout_basic, ebering_ghost_gozag, grunt_ministairs_2

Skill      XL: |  1  2  3  4  5  6  7  8  9 10 11 12 13 14 15 16 17 18 19 20 21 22 23 24 25 26 |
---------------+-------------------------------------------------------------------------------+-----
Armour         | 1 2 3 4 5 6 8 9 10 11 13 14 15 16 17 18 19 20 21 22 23 | 23.9
Fighting       | 4 5 6 8 9 10 11 13 14 15 16 17 18 19 20 21 22 23 24 25 | 25.7
Axes           | 5 6 7 8 10 12 13 15 16 18 | 18.0
Shields        | 1 2 3 4 6 7 9 10 11 12 14 15 17 18 19 20 22 23 24 25 | 25.0
Invocations    | 2 7 10 12 13 14 16 17 18 19 20 | 20.0
Dodging        | |  2.4
Stealth        | |  1.5

Action                   |  1- 3 |  4- 6 |  7- 9 | 10-12 | 13-15 | 16-18 | 19-21 | 22-24 | 25-27 || total
-------------------------+-------+-------+-------+-------+-------+-------+-------+-------+-------++-------
Melee: Hand axe          |   128 |   188 |   592 |   759 |       |       |       |       |       ||  1667
       War axe           |       |    13 |    35 |   200 |   744 |   720 |   512 |       |       ||  2224
       Broad axe         |       |       |       |   116 |    76 |       |   384 |  1159 |   411 ||  2146
Throw: Dart              |       |     6 |    14 |    34 |       |       |       |       |       ||    54
Invok: Convert to Beogh  |       |       |     1 |       |       |       |       |       |       ||     1
       Smiting           |       |       |     1 |    13 |    12 |     5 |    23 |    21 |    35 ||   110
       Recall Orcish Fol |       |       |       |     7 |    22 |    24 |    16 |    10 |    11 ||    90
       Give Item to Name |       |       |       |     1 |     3 |     4 |     3 |       |       ||    11
       Stop Recall       |       |       |       |       |     7 |    16 |     4 |       |       ||    27
       Resurrection      |       |       |       |       |       |       |     2 |     2 |       ||     4
Evoke: Wand              |       |       |       |     4 |     3 |     5 |       |     1 |     2 ||    15
       Phantom mirror    |       |       |       |       |       |       |     1 |       |     2 ||     3
  Use: Scroll            |     2 |       |     1 |    19 |    10 |     6 |    14 |    21 |     6 ||    79
       Potion            |       |       |     5 |     7 |     4 |       |    13 |     4 |    10 ||    43
 Stab: Sleeping          |     6 |       |       |       |       |       |       |       |       ||     6
       Distracted        |       |       |       |     5 |     6 |     9 |    11 |    17 |     5 ||    53
       Paralysed         |       |       |       |     2 |       |       |       |       |       ||     2
       Confused          |       |       |       |       |       |     3 |       |     2 |       ||     5
       Invisible         |       |       |       |       |       |       |       |       |     1 ||     1
  Eat: Chunk             |     3 |     6 |     8 |    31 |    20 |    28 |    27 |    22 |    12 ||   157
       Ration            |       |       |     2 |     2 |     5 |     1 |     3 |     6 |     2 ||    21
Armor: Robe              |     4 |       |       |       |       |       |       |       |       ||     4
       Leather armour    |    10 |       |       |       |       |       |       |       |       ||    10
       Chain mail        |    21 |   120 |   289 |   561 |   160 |       |       |       |       ||  1151
       Skin              |       |       |       |    12 |       |       |       |       |       ||    12
       Plate armour      |       |       |       |       |   217 |   289 |   306 |   109 |       ||   921
       Gold dragon scale |       |       |       |       |       |       |       |   228 |   150 ||   378
Dodge: Dodged            |    69 |    79 |   189 |   368 |   235 |   168 |   129 |   183 |    79 ||  1499
Block: Buckler           |       |    23 |   150 |   551 |   100 |       |       |       |       ||   824
       Shield            |       |       |       |       |   454 |   557 |   286 |       |       ||  1297
       Reflection        |       |       |       |       |    31 |    78 |    24 |       |       ||   133
       Large shield      |       |       |       |       |       |       |   547 |  1402 |   553 ||  2502

Table legend:
 A = Non-vault XP
 B = Vault XP
 C = Vault XP percentage of total XP
 D = Non-vault monster count
 E = Vault monster count
 F = Vault count percentage of total count
                 A         B        C        D         E       F
            +---------+---------+-------+---------+---------+-------
      Total |  649587 |  547914 |  45.8 |    1408 |     790 |  35.9
            +---------+---------+-------+---------+---------+-------
        D:1 |      37 |       0 |   0.0 |      22 |       0 |   0.0
        D:2 |      73 |     227 |  75.7 |      21 |       3 |  12.5
        D:3 |     179 |      23 |  11.4 |      20 |       6 |  23.1
        D:4 |     539 |       0 |   0.0 |      19 |       0 |   0.0
        D:5 |     310 |       0 |   0.0 |      11 |       0 |   0.0
        D:6 |     446 |       0 |   0.0 |      15 |       0 |   0.0
        D:7 |    1225 |     663 |  35.1 |      34 |       1 |   2.9
        D:8 |    1256 |     347 |  21.6 |      28 |       2 |   6.7
        D:9 |     517 |    4028 |  88.6 |      14 |      54 |  79.4
       D:10 |    1940 |    1311 |  40.3 |      30 |      16 |  34.8
       D:11 |    2366 |       0 |   0.0 |      16 |       0 |   0.0
       D:12 |    3706 |       0 |   0.0 |      29 |       0 |   0.0
       D:13 |    2073 |    3036 |  59.4 |      14 |       4 |  22.2
       D:14 |    8325 |    1236 |  12.9 |      33 |       1 |   2.9
       D:15 |    9178 |    1964 |  17.6 |      23 |       3 |  11.5
     Lair:1 |    1119 |       0 |   0.0 |       7 |       0 |   0.0
     Lair:2 |    2857 |     157 |   5.2 |      19 |       1 |   5.0
     Lair:3 |    1163 |       0 |   0.0 |       6 |       0 |   0.0
     Lair:4 |    4226 |    1886 |  30.9 |      19 |       6 |  24.0
     Lair:5 |    3075 |     876 |  22.2 |      14 |       3 |  17.6
     Lair:6 |    9847 |    8406 |  46.1 |      46 |      29 |  38.7
   Shoals:1 |   10808 |       0 |   0.0 |      27 |       0 |   0.0
   Shoals:2 |   15066 |       0 |   0.0 |      40 |       0 |   0.0
   Shoals:3 |   11251 |       0 |   0.0 |      32 |       0 |   0.0
   Shoals:4 |   13326 |   24157 |  64.4 |      42 |      49 |  53.8
   Spider:1 |   11169 |    2270 |  16.9 |      42 |       5 |  10.6
   Spider:2 |   11952 |    4025 |  25.2 |      44 |       3 |   6.4
   Spider:3 |   13082 |    1581 |  10.8 |      38 |       1 |   2.6
   Spider:4 |   13817 |   20171 |  59.3 |      54 |      46 |  46.0
      Orc:1 |     933 |     368 |  28.3 |      10 |       1 |   9.1
      Orc:2 |    1004 |    4960 |  83.2 |      11 |      21 |  65.6
      Elf:1 |   16276 |    4959 |  23.4 |      40 |       5 |  11.1
      Elf:2 |   18450 |   18792 |  50.5 |      42 |      18 |  30.0
      Elf:3 |   12596 |   18402 |  59.4 |      23 |      16 |  41.0
   Vaults:1 |   13195 |   25452 |  65.9 |      27 |      47 |  63.5
   Vaults:2 |   26047 |   15001 |  36.5 |      49 |      29 |  37.2
   Vaults:3 |   20077 |   12718 |  38.8 |      44 |      21 |  32.3
   Vaults:4 |   21714 |   21713 |  50.0 |      43 |      41 |  48.8
   Vaults:5 |   19721 |   80218 |  80.3 |      31 |      75 |  70.8
   Depths:1 |   33341 |    3855 |  10.4 |      50 |       3 |   5.7
   Depths:2 |       0 |   55352 | 100.0 |       0 |     105 | 100.0
   Depths:3 |   34579 |   22401 |  39.3 |      44 |      29 |  39.7
   Depths:4 |   29865 |   15576 |  34.3 |      47 |      14 |  23.0
   Depths:5 |   33558 |   10931 |  24.6 |      40 |      11 |  21.6
      Zot:1 |   45997 |       0 |   0.0 |      35 |       0 |   0.0
      Zot:2 |   33340 |   13513 |  28.8 |      25 |       8 |  24.2
      Zot:3 |   41732 |       0 |   0.0 |      30 |       0 |   0.0
      Zot:4 |   57585 |   57090 |  49.8 |      32 |      16 |  33.3
      Zot:5 |   34649 |   80080 |  69.8 |      26 |      37 |  58.7
      IceCv |       0 |   10169 | 100.0 |       0 |      60 | 100.0
            +---------+---------+-------+---------+---------+-------
